 Dungeon Crawl Stone Soup version 0.23.2-33-g5129a83184 (webtiles) character file.

Game seed: 5556546372867814389

37711 AarnesTheHuman the Warrior (level 13, 0/116 HPs)
             Began as a Barachi Fighter on Aug 8, 2019.
             Was a High Priest of Ashenzari.
             Slain by a death yak simulacrum (20 damage)
             ... in an ice cave on Aug 9, 2019.
             The game lasted 02:15:31 (21365 turns).

AarnesTheHuman the Warrior (Barachi Fighter)       Turns: 21365, Time: 02:15:32

Health: 0/116      AC: 22    Str: 23    XL:     13   Next: 98%
Magic:  17/17      EV: 10    Int:  9    God:    Ashenzari [*****.]
Gold:   90         SH: 18    Dex: 11    Spells: 12/12 levels left

rFire    . . .     SeeInvis +   q - +6 spear (freeze) (curse)
rCold    + . .     Gourm    .   c - +3 shield (curse)
rNeg     + + .     Faith    +   Q - +1 pearl dragon scales (curse)
rPois    .         Spirit   .   d - +2 hat
rElec    .         Reflect  .   G - scarf {cloud immunity} (curse)
rCorr    .         Harm     .   (no gloves)
MR       .....     Clarity  +   i - +0 pair of boots (curse)
Stlth    ..........             e - amulet of faith (curse)
HPRegen  0.29/turn              w - ring of Idealism {+Blink rN+ SInv}
MPRegen  0.15/turn              t - ring of protection from cold

@: slow
A: +LOS, swims, slowness 1, strong legs 2
a: Hop, Curse Item, Scrying, Transfer Knowledge, Renounce Religion, Evoke Blink


You were in an ice cave.
You worshipped Ashenzari.
Ashenzari was extremely pleased with you.
You were not hungry.

You visited 3 branches of the dungeon, and saw 17 of its levels.
You also visited: Sewer and Ice Cave.

You collected 705 gold pieces.
You spent 615 gold pieces at shops.

Inventory:

Hand Weapons
 q - a cursed +6 spear of freezing (weapon)
 D - a cursed +3 falchion
 E - a +1 falchion of freezing
 O - the +4 glaive of Victory {drain, +Inv MP+9 Str+4}
   (You took it off Grum on level 1 of the Lair of Beasts)

   A truly terrible weapon, it drains the life of those it strikes.
   It affects your strength (+4).
   It affects your magic capacity (+9).
   It lets you turn invisible.
Armour
 c - a cursed +3 shield (worn)
 d - a +2 hat (worn)
 i - a cursed +0 pair of boots (worn)
 k - a +0 helmet
 z - the +1 ring mail of the Prince of Darkness {rN+ Regen+}
   (You found it on level 7 of the Dungeon)

   It protects you from negative energy.
   It increases your rate of regeneration.
 G - a cursed scarf of cloud immunity (worn)
 Q - cursed +1 pearl dragon scales (worn)
Jewellery
 e - a cursed amulet of faith (around neck)
 t - a ring of protection from cold (right hand)
 w - the ring of Idealism (left hand) {+Blink rN+ SInv}
   (You bought it in a shop on level 6 of the Dungeon)

   [ring of positive energy]

   It protects you from negative energy.
   It lets you see invisible.
   It lets you blink.
 L - an uncursed ring of protection from magic
 M - an uncursed ring of stealth
Wands
 o - a wand of clouds (7)
 s - a wand of disintegration (13)
 u - a wand of acid (6)
 C - a wand of digging (6)
 F - a wand of flame (14)
 J - a wand of polymorph (13)
Scrolls
 a - a scroll of vulnerability
 b - 3 scrolls of identify
 g - 4 scrolls of blinking
 h - 13 scrolls of teleportation
 m - 2 scrolls of fog
 p - 4 scrolls of magic mapping
 P - a scroll of enchant weapon
Potions
 j - 3 potions of haste
 l - 2 potions of mutation
 n - 4 potions of heal wounds
 r - 2 potions of brilliance
 v - 4 potions of ambrosia
 A - 4 potions of curing
 B - 2 potions of flight
 H - a potion of agility
 I - 2 potions of berserk rage
 K - 3 potions of lignification
Comestibles
 f - 26 rations
 x - 5 chunks of flesh


   Skills:
 * Level 15.2 Fighting
 - Level 6.3 Long Blades
 - Level 2.0(5.0) Polearms
 + Level 14.2(16.4) Armour
 - Level 14.7(16.9) Shields
 + Level 6.5 Evocations


You had 12 spell levels left.
You didn't know any spells.
Your spell library contained the following spells:

 Spells                   Type           Power        Failure   Level  Hunger
 Animate Skeleton         Necr           N/A          65%         1    ##.....
 Apportation              Tloc           #.....       65%         1    ##.....
 Confusing Touch          Hex            #.....       65%         1    ##.....
 Corona                   Hex            #......      65%         1    ##.....
 Summon Small Mammal      Summ           #...         65%         1    ##.....
 Ensorcelled Hibernation  Hex/Ice        #.....       78%         2    ###....
 Poisonous Vapours        Pois/Air       #.....       78%         2    ###....
 Throw Frost              Conj/Ice       #.....       78%         2    ###....
 Confuse                  Hex            #.......     95%         3    ####...
 Dazzling Spray           Conj/Hex       #.....       95%         3    ####...
 Tukima's Dance           Hex            #.......     95%         3    ####...
 Ice Form                 Ice/Tmut       #.......     100%        4    #####..
 Throw Icicle             Conj/Ice       #.......     100%        4    #####..
 Alistair's Intoxication  Tmut/Pois      #.......     100%        5    ######.


Dungeon Overview and Level Annotations

Branches:
Dungeon (11/15)            Temple (1/1) D:6            Lair (5/6) D:11
 Shoals (0/4) Lair:2        Snake (0/4) Lair:2
  Slime: Lair:5-6       Orc: D:9-12

Altars:
Ashenzari
Cheibriados
Dithmenos
Elyvilon
Fedhas
Gozag
Hepliaklqana
Kikubaaqudgha
Makhleb
Nemelex Xobeh
Okawaru
Qazlal
Ru
Sif Muna
Trog
Uskayaw
Vehumet
Wu Jian
Xom
Yredelemnul
Zin
The Shining One

Shops:
D:4 !   D:6 =   D:8 *

Portals:
Trove: D:10 (give 16 potions of curing)

Annotations:
D:10 exclusion: oklob plant
Lair:4 3 runed translucent doors, exclusions: 3 doors and oklob plant, Doxtoqo's ghost, journeyman DDFi


Innate Abilities, Weirdness & Mutations

Shadows flee at your approach. (+LOS)
You can swim through water.
You cover ground slowly.
You can hop long distances.


Message History

The alligator simulacrum tail-slaps you but does no damage.
You hit the alligator simulacrum.
The alligator simulacrum is heavily damaged.
You block the alligator simulacrum's attack.
The alligator simulacrum tail-slaps you but does no damage.
You puncture the alligator simulacrum!
The alligator simulacrum is almost destroyed.
The death yak simulacrum gores you!
* * * LOW HITPOINT WARNING * * *
The death yak simulacrum freezes you! You resist.
* * * LOW HITPOINT WARNING * * *
You feel much better. The alligator simulacrum bites you.
* * * LOW HITPOINT WARNING * * *
The alligator simulacrum freezes you! You resist.
* * * LOW HITPOINT WARNING * * *
The alligator simulacrum tail-slaps you but does no damage.
The death yak simulacrum gores you.
* * * LOW HITPOINT WARNING * * *
The death yak simulacrum freezes you!! You resist.
You die...

##. *≈ , *
* , ##..
*≈ **,,,,
, ##... *
≈ ,, ,
#...# *≈
*, ...##≈
, ,, ,,
#...# ≈ ≈
* , ,
##...## ≈
* **,,
##..ZZ.##*
≈ ,,*
#...@...#
≈ * , * *
#.......#
≈≈ , ,
##..∩..##*
≈*** , *
##...##* ≈
* * ,
##### *≈
≈* * ≈


You could see an alligator simulacrum and a death yak simulacrum.

Vanquished Creatures
  Harold (D:9)
  Josephine (D:11)
  Erolcha (D:11)
  5 hydras
  A two-headed ogre (D:10)
  An unseen horror (D:10)
  Pikel (D:6)
  An orc sorcerer (D:10)
  3 black mambas
  Maurice (D:9)
  A merfolk siren (Lair:2)
  7 spiny frogs
  5 komodo dragons
  2 merfolk (Lair:2)
  A wolf spider simulacrum (IceCv)
  9 blink frogs
  4 dream sheep
  2 hippogriffs (Lair:1)
  2 shadows
  5 wraiths
  A wyvern (Lair:2)
  A water elemental (D:11)
  Eustachio (D:4)
  4 basilisks
  38 yaks
  Grum (Lair:1)
  2 hungry ghosts
  18 wargs
  36 water moccasins
  16 porcupines
  8 orc warriors
  2 sky beasts
  Purgy (Sewer)
  3 ice beasts
  2 black bears
  7 wolves (Lair:1)
  2 phantoms
  4 centaurs
  8 ogres
  10 crocodiles
  5 bullfrogs
  A wyvern zombie (D:11)
  A gnoll sergeant (D:6)
  A wyvern skeleton (D:8)
  A scorpion (D:5)
  8 killer bees
  5 wights (D:6)
  2 howler monkeys
  2 crimson imps
  4 jellies
  2 quasits
  A centaur skeleton (D:6)
  4 orc priests (D:10)
  3 hounds
  8 orc wizards
  Jessica (D:3)
  A bullfrog skeleton (D:11)
  An iguana (D:8)
  4 worker ants
  A wolf simulacrum (IceCv)
  A hound zombie (D:8)
  A howler monkey zombie (D:11)
  A worker ant zombie (D:8)
  13 gnolls
  A river rat (D:6)
  23 adders
  2 shadow imps
  12 white imps (Lair:5)
  5 oozes (D:9)
  An adder skeleton (D:5)
  6 worms
  5 dart slugs
  7 leopard geckos
  50 orcs
  11 bats
  8 giant cockroaches
  5 goblins
  9 hobgoblins
  8 jackals
  8 kobolds
  4 quokkas
  3 ball pythons
  7 frilled lizards
  A leopard gecko skeleton (D:8)
  5 rats
  3 fungi
  A plant (Lair:2)
476 creatures vanquished.

Vanquished Creatures (others)
  A sky beast (D:7)
  A slave (D:7)
  A killer bee (D:7)
  13 fungi
  21 plants
37 creatures vanquished.

Grand Total: 513 creatures vanquished

Notes
Turn   | Place    | Note
-------+----------+-------------------------------------------
     0 | D:1      | AarnesTheHuman the Barachi Fighter began the quest for the
                  | Orb.
     0 | D:1      | Reached XP level 1. HP: 18/18 MP: 1/1
   126 | D:1      | Reached XP level 2. HP: 25/25 MP: 2/2
   402 | D:1      | Reached skill level 4 in Fighting
   472 | D:1      | Reached XP level 3. HP: 30/30 MP: 3/3
  1415 | D:2      | Reached XP level 4. HP: 14/37 MP: 4/4
  1813 | D:2      | Found a faded altar of an unknown god.
  2222 | D:3      | Reached XP level 5. HP: 41/43 MP: 5/5
  2309 | D:3      | Noticed Jessica
  2322 | D:3      | Killed Jessica
  2904 | D:4      | Noticed an ogre
  2922 | D:4      | Killed an ogre
  2922 | D:4      | Reached skill level 5 in Fighting
  2922 | D:4      | Reached skill level 5 in Armour
  2922 | D:4      | Reached XP level 6. HP: 51/51 MP: 6/6
  3353 | D:4      | Reached skill level 5 in Shields
  3449 | D:4      | Noticed Eustachio
  3990 | D:4      | Killed Eustachio
  3990 | D:4      | Reached skill level 5 in Long Blades
  3990 | D:4      | Reached XP level 7. HP: 41/56 MP: 7/7
  4163 | D:4      | Found Wirosair's Distillery.
  4256 | D:5      | Entered Level 5 of the Dungeon
  4651 | D:5      | Found a shadowy altar of Dithmenos.
  4679 | D:5      | Reached skill level 6 in Fighting
  4700 | D:5      | Found the +8 Wrath of Trog {antimagic, *Rage}
  4735 | D:5      | Found a sacrificial altar of Ru.
  4882 | D:5      | Reached XP level 8. HP: 43/64 MP: 8/8
  4969 | D:5      | Found a white marble altar of Elyvilon.
  5733 | D:6      | Found a staircase to the Ecumenical Temple.
  5763 | Temple   | Entered the Ecumenical Temple
  5772 | Temple   | Became a worshipper of Ashenzari the Shackled
  5949 | D:6      | Found a glowing drain.
  6106 | Sewer    | Entered a sewer
  6179 | Sewer    | Noticed Purgy
  6198 | Sewer    | Killed Purgy
  6506 | D:6      | Reached skill level 7 in Fighting
  6630 | D:6      | Reached XP level 9. HP: 70/72 MP: 9/9
  6681 | D:6      | Found a basalt altar of Yredelemnul.
  6737 | D:6      | Found Emurumo's Jewellery Emporium.
  6877 | D:6      | Found a burning altar of Makhleb.
  6940 | D:7      | Noticed Pikel
  6978 | D:6      | Killed Pikel
  7066 | D:7      | Reached skill level 8 in Fighting
  7321 | D:7      | Found a sparkling altar of Nemelex Xobeh.
  7328 | D:7      | Found a hazy altar of Hepliaklqana.
  7401 | D:7      | Found a snail-covered altar of Cheibriados.
  7411 | D:7      | Got the uncursed ring mail of the Prince of Darkness {rN+
                  | Regen+}
  7436 | D:7      | Found a bloodstained altar of Trog.
  7453 | D:7      | Identified the +1 ring mail of the Prince of Darkness {rN+
                  | Regen+} (You found it on level 7 of the Dungeon)
  7548 | D:7      | Reached * piety under Ashenzari
  8289 | D:8      | Found a stormy altar of Qazlal.
  8359 | D:8      | Reached skill level 10 in Shields
  8377 | D:8      | Reached XP level 10. HP: 63/82 MP: 10/10
  8385 | D:8      | Reached skill level 9 in Fighting
  8761 | D:8      | Found Oxkask's General Store.
  9121 | D:9      | Reached ** piety under Ashenzari
  9311 | D:9      | Noticed Harold
  9337 | D:9      | Killed Harold
  9437 | D:9      | Noticed Maurice
  9449 | D:9      | Killed Maurice
  9726 | D:10     | Entered Level 10 of the Dungeon
  9742 | D:9      | Reached skill level 10 in Fighting
  9820 | D:8      | Reached skill level 10 in Armour
 10026 | D:10     | Reached *** piety under Ashenzari
 10066 | D:10     | Reached XP level 11. HP: 67/91 MP: 11/11
 10497 | D:10     | Noticed an orc sorcerer
 10714 | D:10     | Found a blossoming altar of Fedhas.
 10726 | D:10     | Noticed an oklob plant
 11092 | D:11     | Found a shimmering altar of Xom.
 11542 | D:11     | Noticed Erolcha
 11552 | D:11     | Killed Erolcha
 11552 | D:11     | Reached skill level 11 in Fighting
 11663 | D:10     | Found a portal to a secret trove of treasure.
 11872 | D:10     | Noticed a two-headed ogre
 11885 | D:10     | Killed a two-headed ogre
 12070 | D:10     | Noticed a soul eater
 12237 | D:10     | Noticed a soul eater
 12455 | D:10     | Killed an orc sorcerer
 12874 | D:11     | Found a staircase to the Lair.
 12874 | D:11     | Noticed an unseen horror
 13032 | D:11     | Reached XP level 12. HP: 88/100 MP: 12/12
 13150 | D:11     | Reached **** piety under Ashenzari
 13559 | D:11     | Noticed Josephine
 13787 | D:11     | Reached skill level 12 in Fighting
 13951 | D:11     | Killed Josephine
 14645 | Lair:1   | Entered Level 1 of the Lair of Beasts
 14827 | Lair:1   | Reached skill level 1 in Evocations
 15524 | Lair:1   | Got the uncursed pair of gloves of Mutualism {rElec}
 15528 | Lair:1   | Identified the +4 glaive of Victory {drain, +Inv MP+9
                  | Str+4}
 15528 | Lair:1   | Noticed Grum
 15539 | Lair:1   | Noticed a four-headed hydra
 15540 | Lair:1   | Killed Grum
 15545 | Lair:1   | Killed a four-headed hydra
 15545 | Lair:1   | Reached skill level 13 in Fighting
 15545 | Lair:1   | Gained mutation: You can hop long distances. [Barachi
                  | growth]
 15545 | Lair:1   | Reached XP level 13. HP: 76/111 MP: 14/16
 16167 | Lair:2   | Reached skill level 1 in Polearms
 16221 | Lair:2   | Reached ***** piety under Ashenzari
 16228 | Lair:2   | Found a staircase to the Snake Pit.
 16591 | Lair:2   | Reached skill level 5 in Evocations
 16895 | Lair:2   | Found a staircase to the Shoals.
 17433 | Lair:2   | Reached skill level 14 in Fighting
 17997 | D:6      | Bought the ring of Idealism {+Blink rN+ SInv} for 573 gold
                  | pieces
 18809 | Lair:3   | Identified the +0 robe of the Ecumenical Temple {Dex+2}
 19609 | Lair:4   | Found a runed translucent gate.
 19609 | Lair:4   | Found a runed translucent gate.
 19610 | Lair:4   | Found a runed translucent gate.
 19661 | Lair:4   | Noticed Doxtoqo's ghost (journeyman DDFi)
 19876 | D:8      | Bought a scroll of remove curse for 42 gold pieces
 19881 | D:8      | Identified the -6 pair of gloves of Mutualism {rElec} (You
                  | found it on level 1 of the Lair of Beasts)
 20279 | Lair:4   | Identified the Collected Works on Frigorific Envenoming
 20611 | Lair:4   | Identified the ring "Zezy" {Fire rN+}
 20806 | Lair:4   | Reached skill level 15 in Fighting
 21302 | Lair:5   | Found a frozen archway.
 21347 | IceCv    | Entered an ice cave
 21365 | IceCv    | Slain by a death yak simulacrum

Skill      XL: |  1  2  3  4  5  6  7  8  9 10 11 12 13 |
---------------+----------------------------------------+-----
Fighting       | 4 5 6 7 8 10 11 13 15 | 15.2
Armour         | 4 5 6 7 8 10 11 13 14 | 14.2
Long Blades    | 3 4 5 6 |  6.3
Shields        | 4 5 6 8 10 12 13 14 | 14.7
Evocations     | 4 6 |  6.5
Polearms       | 2 |  2.0

Action                   |  1- 3 |  4- 6 |  7- 9 | 10-12 | 13-15 || total
-------------------------+-------+-------+-------+-------+-------++-------
Melee: Long sword        |   113 |   293 |   235 |       |       ||   641
       Hand axe          |       |     4 |       |       |       ||     4
       Spear             |       |       |   188 |  1195 |   646 ||  2029
Invok: Curse Item        |       |       |     2 |     4 |       ||     6
 Abil: Hop               |     1 |     1 |     5 |    12 |     1 ||    20
       Evoke Blink       |       |       |       |       |     2 ||     2
Evoke: Wand              |       |     4 |     1 |    21 |    15 ||    41
  Use: Potion            |     1 |       |     1 |     3 |     2 ||     7
       Scroll            |       |     9 |     8 |     5 |     5 ||    27
 Stab: Paralysed         |       |     6 |     5 |     9 |       ||    20
       Invisible         |       |       |     5 |     2 |       ||     7
       Confused          |       |       |       |     1 |       ||     1
  Eat: Chunk             |     2 |     9 |    11 |    30 |    15 ||    67
       Ration            |       |       |     2 |     1 |     2 ||     5
Armor: Scale mail        |    60 |   118 |    69 |       |       ||   247
       Troll leather arm |       |       |    27 |       |       ||    27
       Ring mail         |       |       |    17 |   248 |    59 ||   324
       Pearl dragon scal |       |       |       |       |    79 ||    79
Dodge: Dodged            |    42 |    89 |   135 |   277 |   108 ||   651
Block: Shield            |    61 |   178 |   258 |   913 |   398 ||  1808
       Rpst.: Long sword |    14 |    24 |    20 |       |       ||    58
